 Dungeon Crawl Stone Soup version 0.30-a0-358-g0d69a1922f (webtiles) character file.

Game seed: 15431437349208810207

193190 KKCryptic the Bludgeoner (level 17, -19/140 HPs)
             Began as a Minotaur Fighter on Nov 9, 2022.
             Was a High Priest of Ru.
             Demolished by an alligator (29 damage)
             ... called by a spriggan druid
             ... on level 2 of the Swamp on Nov 10, 2022.
             The game lasted 03:50:53 (29129 turns).

KKCryptic the Bludgeoner (Minotaur Fighter)        Turns: 29129, Time: 03:50:54

Health: -19/140    AC: 29    Str: 26    XL:     17   Next: 63%
Magic:  16/16      EV: 11    Int:  7    God:    Ru [*****.]
Gold:   754        SH: 20    Dex: 13    Spells: 16/16 levels left

rFire   + + .      SeeInvis +    a - +5 demon whip (venom)
rCold   + . .      Faith    .    x - +1 kite shield {rF+}
rNeg    . . .      Spirit   .    s - +7 plate armour of the Serpent {rElec rCorr}
rPois   +          Reflect  +    Z - +3 crown of Dyrovepreva {rElec Int+2 SInv}
rElec   +          Harm     .    C - scarf {rC+ rF+}
rCorr   +          Rampage  .    p - +2 pair of gloves
Will    +....                    I - +0 pair of boots
Stlth   ..........               X - amulet of reflection
HPRegen 0.43/turn                k - +4 ring of slaying
MPRegen 0.15/turn                u - ring of poison resistance

@: corroded, overwhelmed with horror
A: horns 2, screaming 2, no stealth, hated by all, cowardly, no conjurations
magic, no hexes magic, no ice magic, disrupted magic 1, retaliatory headbutt
}: 1/15 runes: serpentine
a: Renounce Religion, Sacrifice an Eye, Sacrifice Health, Sacrifice Experience,
Reject Sacrifices, Draw Out Power, Power Leap, Apocalypse


You were on level 2 of the Swamp.
You worshipped Ru.
Ru was extremely pleased with you.
You visited 6 branches of the dungeon, and saw 29 of its levels.
You also visited: Ice Cave.

You collected 2903 gold pieces.
You spent 2149 gold pieces at shops.

Inventory:

Hand Weapons
 a - a +5 demon whip of venom (weapon)
 b - the +3 war axe of Perfectionism {spect, rF+}
   (You found it on level 11 of the Dungeon)

   When its wielder attacks, the weapon's spirit leaps out and strikes again.
   The spirit shares a part of any damage it takes with its wielder.
   rF:        It protects you from fire.
 d - a +5 war axe of flaming
Armour
 c - a scarf of invisibility
 p - a +2 pair of gloves (worn)
 s - the +7 plate armour of the Serpent (worn) {rElec rCorr}
   (You found it on level 4 of the Lair of Beasts)

   rElec:     It insulates you from electricity.
   rCorr:     It protects you from acid and corrosion.
 w - the +6 chain mail of Green Beauty {rN+ Int+3}
   (You found it on level 4 of the Dungeon)

   Int:       It affects your intelligence (+3).
   rN:        It protects you from negative energy.
 x - a +1 kite shield of fire resistance (worn)
 C - a scarf of resistance (worn)
 I - a +0 pair of boots (worn)
 Y - +2 pearl dragon scales
 Z - the +3 crown of Dyrovepreva (worn) {rElec Int+2 SInv}
   (You found it on level 1 of the Swamp)

   Int:       It affects your intelligence (+2).
   rElec:     It insulates you from electricity.
   SInv:      It lets you see invisible.
Jewellery
 k - a +4 ring of slaying (left hand)
 u - a ring of poison resistance (right hand)
 G - an amulet of regeneration
 H - a +6 ring of strength
 Q - a ring of willpower
 S - a ring of see invisible
 T - a ring of protection from fire
 X - an amulet of reflection (around neck)
Wands
 y - a wand of flame (12)
 B - a wand of polymorph (28)
 J - a wand of roots (26)
 N - a wand of paralysis (3)
 O - a wand of light (7)
 R - a wand of mindburst (35)
Scrolls
 e - 3 scrolls of immolation
 h - 4 scrolls of blinking
 i - 17 scrolls of teleportation
 l - a scroll of brand weapon
 r - 16 scrolls of identify
 t - 6 scrolls of vulnerability
 D - 2 scrolls of magic mapping
 E - 3 scrolls of torment
 F - a scroll of fear
 U - 4 scrolls of poison
Potions
 f - 4 potions of haste
 g - 13 potions of curing
 j - 3 potions of magic
 m - 3 potions of attraction
 n - 2 potions of cancellation
 o - 3 potions of invisibility
 q - 6 potions of flight
 z - 3 potions of resistance
 A - 3 potions of heal wounds
 K - 5 potions of mutation
 L - 4 potions of lignification
 M - 3 potions of berserk rage
 P - 5 potions of might
 W - 3 potions of ambrosia
Miscellaneous
 v - a lightning rod (4/4)
 V - a condenser vane (inert)


   Skills:
 - Level 10.0 Fighting
 - Level 12.8(18.2) Axes
 + Level 20.8(22.3) Maces & Flails
 - Level 6.6(15.1) Staves
 - Level 17.3 Armour
 - Level 10.0 Dodging
 - Level 18.3 Shields
 + Level 6.9 Evocations


You had 16 spell levels left.
You didn't know any spells.
Your spell library contained the following spells:

 Spells                   Type           Power      Damage    Failure   Level
 Sting                    Tmut/Pois      0%         1d3       99%         1
 Blink                    Tloc           0%         N/A       100%        2
 Poisonous Vapours        Pois/Air       0%         N/A       100%        2
 Sublimation of Blood     Necr           0%         N/A       100%        2
 Ignite Poison            Fire/Tmut/Pois 0%         N/A       100%        3
 Lesser Beckoning         Tloc           0%         N/A       100%        3
 Swiftness                Air            0%         N/A       100%        3
 Airstrike                Air            0%         2d(0-16)  100%        4
 Manifold Assault         Tloc           0%         N/A       100%        4
 Olgreb's Toxic Radiance  Pois           0%         N/A       100%        4
 Petrify                  Tmut/Erth      0%         N/A       100%        4
 Storm Form               Tmut/Air       0%         N/A       100%        7
 Borgnjor's Revivificati  Necr           0%         N/A       100%        8
 Ignition                 Fire           0%         3d3       100%        8
 Necromutation            Tmut/Necr      0%         N/A       100%        8
 Death's Door             Necr           0%         N/A       100%        9
 Foxfire                  Conj/Fire      Unusable   2x1d4     N/A         1
 Freeze                   Ice            Unusable   1d3       N/A         1
 Shock                    Conj/Air       Unusable   1d3       N/A         1
 Momentum Strike          Conj/Tloc      Unusable   3d8       N/A         2
 Frozen Ramparts          Ice            Unusable   1d1       N/A         3
 Hailstorm                Conj/Ice       Unusable   3d3       N/A         3
 Stone Arrow              Conj/Erth      Unusable   3d7       N/A         3
 Animate Armour           Summ/Erth      Unusable   N/A       N/A         4
 Sticky Flame             Conj/Fire      Unusable   2d3       N/A         4
 Irradiate                Conj/Tmut      Unusable   3d11      N/A         5
 Starburst                Conj/Fire      Unusable   6d3       N/A         6
 Lehudib's Crystal Spear  Conj/Erth      Unusable   10d2      N/A         8

Dungeon Overview and Level Annotations

Branches:
Dungeon (15/15)            Temple (1/1) D:5            Lair (5/5) D:8
  Swamp (2/4) Lair:2        Snake (4/4) Lair:3        Slime (0/5) Lair:5
    Orc (2/2) D:12            Elf (0/3) Orc:2        Vaults (0/5) D:13
 Depths (0/4) D:15          IceCv (visited)

Altars:
Ashenzari
Cheibriados
Dithmenos
Elyvilon
Gozag
Kikubaaqudgha
Makhleb
Nemelex Xobeh
Okawaru
Qazlal
Ru
Sif Muna
Trog
Uskayaw
Vehumet
Wu Jian
Xom
Zin
The Shining One

Shops:
D:6 (   D:7 ?   D:8 (   D:10 ?   D:15 *   Orc:2 (:!!(   Snake:2 =
Snake:3 =*!(

Portals:
Abyss: Orc:1

Annotations:
D:8 1 transporter
D:14 Roxanne
Lair:3 exclusion: 4 oklob plants
Orc:1 2 transporters, Ribbiut's ghost, journeyman GrFi


Innate Abilities, Weirdness & Mutations

You have a pair of horns on your head.
You frequently scream uncontrollably at your foes.
You cannot be stealthy.
You are hated by all.
Your cowardice makes you less effective in combat with threatening foes.
You cannot study or cast Conjurations magic.
You cannot study or cast Hexes magic.
You cannot study or cast Ice magic.
Your casting is slightly disrupted.
You reflexively headbutt those who attack you in melee.


Message History

The goliath frog looks as sick as possible!
The alligator looks as sick as possible!
You hear an angry buzzing noise.
Monsters!
Monsters everywhere!
You have to get out of here!
You feel a bit more experienced.
The tyrant leech is engulfed in poison gas.
The tyrant leech looks even sicker.
A bloated husk comes into view.
The spriggan druid is engulfed in poison gas.
The spriggan druid looks as sick as possible!
Trunks creak and shift.
You enter the shallow water.
Moving in this stuff is going to be slow.
The alligator bites you! You block the alligator's attack.
The goliath frog hits you but does no damage.
Monsters!
Monsters everywhere!
You have to get out of here!
Things that are here:
a +0 spear; a spriggan corpse With its final breath, the spriggan druid offers up its power to the beasts of the wild!
The bunyip is healed.
The alligator is healed.
The bunyip seems to grow more fierce.
The alligator seems to grow more fierce.
You kill the spriggan druid!
You hear a splash. x2
The forest abruptly stops moving.
The alligator is stunned by your conviction and fails to attack.
You block the goliath frog's attack.
The alligator is stunned by your conviction and fails to attack.
The bloated husk explodes!
The blast of putrescent gases engulfs you!!
* * * LOW HITPOINT WARNING * * *
The blast of putrescent gases engulfs the goliath frog!!!
The goliath frog dies!
The blast of putrescent gases engulfs the alligator!!
The alligator bites you!
* * * LOW HITPOINT WARNING * * *
The alligator tail-slaps you.
* * * LOW HITPOINT WARNING * * *
The alligator attacks as you move away! The alligator bites you!!
You die...

~~~.~~~~†=~.♣~.~~
~~~○§[~~~D~~~.♣§♣.~
~~~♣~~y~D.~~~~~~..♣
~~~~~.♣~~n♣.~...§♣
.~~§.~.~x...~.~~~♣
.~.°.n.w~~§~~~~.♣
.~...~...~~~.~~♣♣
.t.♣~~~~.t††~~♣♣ .
♣~~t..~)@.~.♣
♣♣♣.♣~~~~<~.♣
♣..~§..~~..♣
♣♣....♣♣♣~.♣ ♣..♣♣♣
~~♣ ♣§. ♣~.♣ ♣~~
..♣ ♣~. ♣.. .♣.


You could see a bunyip (strong), 2 alligators, 2 swamp dragons, a tyrant leech
(very poisoned), 2 bog bodies and a hornet (very poisoned, slow).

Vanquished Creatures
  Jorgrun (D:15)
  2 nagarajas
  An orc warlord (Orc:2)
  A stone giant (D:15)
  2 eleionomae (Swamp:2)
  A bunyip (Swamp:2)
  Josephine (Orc:2)
  2 catoblepae (Lair:5)
  2 ogre magi (Orc:2)
  7 hydras
  2 alligators
  A ghost crab (Swamp:1)
  Erolcha (Orc:2)
  2 boulder beetles
  2 salamander tyrants (Snake:4)
  4 two-headed ogres
  8 centaur warriors
  17 anacondas
  10 death yaks
  A deep troll shaman (Lair:5)
  Urug (Lair:2)
  3 tengu warriors
  12 shock serpents
  11 naga sharpshooters
  12 naga warriors
  Nergalle (D:10)
  2 spriggans (Swamp:2)
  7 skeletal warriors
  3 salamander mystics (Snake:4)
  Amaemon (D:8)
  6 naga ritualists
  3 bog bodies (Swamp:1)
  4 lindwurms
  A phantasmal warrior (D:15)
  3 orc knights
  2 spriggan druids
  3 deep elf pyromancers
  8 orc sorcerers (Orc:2)
  A necromancer (D:13)
  Pikel (D:7)
  12 mana vipers
  2 cyclopes (D:14)
  11 ugly things
  3 manticores
  2 will-o-the-wisps (Swamp:1)
  15 elephants
  12 salamanders
  16 naga magi
  2 ice statues (IceCv)
  43 black mambas
  An orange demon (D:8)
  6 guardian serpents
  A torpor snail (Lair:3)
  13 cane toads
  2 demonic crawlers (D:11)
  4 gargoyles
  4 unseen horrors
  2 freezing wraiths
  A rime drake (Lair:1)
  15 komodo dragons
  2 tengu conjurers
  2 efreet
  A troll (shapeshifter) (D:15)
  4 trolls
  2 polar bears (Lair:3)
  3 meliai (D:15)
  2 hornets
  7 tyrant leeches
  14 slime creatures
  11 blink frogs
  A centaur simulacrum (D:15)
  Sigmund (D:2)
  2 shadows
  50 yaks
  3 wyverns
  2 fire bats (D:11)
  10 wraiths
  Grum (D:11)
  2 basilisks
  10 wargs
  3 steam dragons
  48 nagas
  13 vampire mosquitoes
  6 swamp worms
  3 acid dragons
  20 water moccasins
  4 swamp drakes
  A black bear (shapeshifter) (D:15)
  An ice beast (D:8)
  25 orc warriors
  3 sky beasts (D:8)
  3 black bears
  10 centaurs
  6 ogres
  22 wolves
  12 bullfrogs
  3 kobold brigands
  A necrophage (D:4)
  A gnoll sergeant (D:11)
  5 scorpions
  A cane toad simulacrum (IceCv)
  9 wights
  14 killer bees
  5 howler monkeys
  2 vampire bats (D:11)
  4 hounds
  24 orc priests
  A gnoll bouda (D:10)
  5 jellies
  Crazy Yiuf (D:7)
  6 iguanas
  35 orc wizards
  Natasha (thrice) (D:2)
  6 hell rats
  2 wolf simulacra (IceCv)
  Robin (D:2)
  4 gnolls (D:11)
  13 adders
  8 river rats (Lair:2)
  A shadow imp (D:6)
  2 white imps
  6 worms (D:11)
  4 dart slugs
  80 orcs
  7 ball pythons
  9 endoplasms
  7 giant cockroaches
  9 goblins
  12 hobgoblins
  8 jackals
  16 kobolds
  3 quokkas
  12 bats
  3 frilled lizards
  5 rats
968 creatures vanquished.

Vanquished Creatures (others)
  An anaconda (Snake:3)
  A naga warrior (Snake:4)
  A tengu warrior (D:15)
  A naga sharpshooter (Snake:1)
  A salamander mystic (Snake:4)
  A goliath frog (Swamp:2)
  A mana viper (Snake:1)
  A will-o-the-wisp (Swamp:1)
  A salamander (Snake:4)
  A black mamba (Snake:4)
  A naga mage (Snake:1)
  An anaconda simulacrum (IceCv)
  2 bloated husks
  A blink frog (Lair:1)
  A naga (Snake:4)
  A swamp worm (Swamp:1)
  2 orc wizards (Orc:2)
  A wolf simulacrum (IceCv)
  5 orcs
  2 bushes (Lair:3)
  4 foxfires (Swamp:1)
  38 fungi
  104 plants
  A withered plant (D:3)
174 creatures vanquished.

Grand Total: 1142 creatures vanquished

Notes
Turn   | Place    | Note
-------+----------+-------------------------------------------
     0 | D:1      | KKCryptic the Minotaur Fighter began the quest for the Orb.
     0 | D:1      | Reached XP level 1. HP: 19/19 MP: 0/0
   130 | D:1      | Reached XP level 2. HP: 26/26 MP: 1/1
   279 | D:1      | Found a faded altar of an unknown god.
  1082 | D:2      | Reached XP level 3. HP: 29/31 MP: 2/2
  1090 | D:2      | Noticed Natasha
  1095 | D:2      | Killed Natasha
  1138 | D:2      | Noticed Natasha
  1139 | D:2      | Noticed Sigmund
  1142 | D:2      | Killed Natasha
  1143 | D:2      | Reached skill level 5 in Axes
  1143 | D:2      | Reached XP level 4. HP: 32/39 MP: 3/3
  1155 | D:2      | Killed Sigmund
  1156 | D:2      | Reached XP level 5. HP: 27/45 MP: 4/4
  1233 | D:2      | Noticed Natasha
  1238 | D:2      | Killed Natasha
  1239 | D:2      | Reached XP level 6. HP: 51/51 MP: 5/5
  1468 | D:2      | Noticed Robin
  1473 | D:2      | Killed Robin
  1880 | D:3      | Found a basalt altar of Yredelemnul.
  2593 | D:4      | Reached XP level 7. HP: 57/57 MP: 6/6
  2744 | D:4      | Identified the +6 chain mail of Green Beauty {rN+ Int+3}
  3153 | D:5      | Entered Level 5 of the Dungeon
  3209 | D:5      | Reached skill level 10 in Axes
  3297 | D:5      | Found a staircase to the Ecumenical Temple.
  3308 | D:5      | Reached skill level 5 in Shields
  3323 | Temple   | Entered the Ecumenical Temple
  3405 | Temple   | Became a worshipper of Ru the Awakened
  3465 | D:5      | Reached XP level 8. HP: 50/64 MP: 7/7
  3516 | D:5      | Found a bloodstained altar of Trog.
  3628 | D:5      | Identified the +5 quarterstaff of Pandemonium {vorpal,
                  | +Blink Fly Int-5 Dex+4}
  4025 | D:5      | Found a white marble altar of Elyvilon.
  4064 | D:6      | Found an ornate altar of the Wu Jian Council.
  4193 | D:6      | Found a radiant altar of Vehumet.
  4249 | D:6      | Lost intelligence.
  4256 | D:6      | Reached skill level 1 in Staves
  4264 | D:6      | Reached skill level 1 in Evocations
  4440 | D:6      | Found Mor Sid's Antique Weapon Boutique.
  4683 | D:7      | Gained mutation: You occasionally shout uncontrollably at
                  | your foes. [Ru sacrifice]
  4904 | D:7      | Noticed Pikel
  4950 | D:7      | Killed Pikel
  4951 | D:7      | Reached skill level 5 in Armour
  4951 | D:7      | Reached XP level 9. HP: 70/70 MP: 8/8
  5001 | D:7      | Found a faded altar of an unknown god.
  5001 | D:7      | Found a faded altar of an unknown god.
  5008 | D:7      | Found an ancient bone altar of Kikubaaqudgha.
  5010 | D:7      | Found an iron altar of Okawaru.
  5012 | D:7      | Found a glowing golden altar of the Shining One.
  5204 | D:7      | Reached skill level 5 in Staves
  5557 | D:7      | Found a runed translucent door.
  5558 | D:7      | Noticed Crazy Yiuf
  5563 | D:7      | Killed Crazy Yiuf
  5694 | D:7      | Found Darph's Magic Scroll Boutique.
  5723 | D:7      | Bought a scroll of enchant armour for 105 gold pieces
  5723 | D:7      | Bought a scroll of blinking for 105 gold pieces
  5723 | D:7      | Bought a scroll of identify for 28 gold pieces
  5723 | D:7      | Bought a scroll of enchant weapon for 105 gold pieces
  6163 | D:8      | Found a transporter.
  6165 | D:8      | Found a transporter.
  6189 | D:8      | Found a stormy altar of Qazlal.
  6267 | D:8      | Found a glowing silver altar of Zin.
  6268 | D:8      | Found an opulent altar of Gozag.
  6329 | D:8      | Found a transporter.
  6337 | D:8      | Found a transporter.
  6409 | D:8      | Found a hazy altar of Hepliaklqana.
  6410 | D:8      | Found a shadowy altar of Dithmenos.
  6466 | D:8      | Found a transporter.
  6467 | D:8      | Found a transporter.
  6579 | D:8      | Noticed Amaemon
  6594 | D:8      | Killed Amaemon
  6595 | D:8      | Reached XP level 10. HP: 70/77 MP: 9/9
  6596 | D:8      | Noticed an orange demon
  6605 | D:8      | Killed an orange demon
  6628 | D:8      | Reached skill level 1 in Maces & Flails
  6642 | D:8      | Reached skill level 2 in Maces & Flails
  6650 | D:8      | Reached skill level 3 in Maces & Flails
  6653 | D:8      | Noticed a deep elf pyromancer
  6653 | D:8      | Noticed a centaur warrior
  6664 | D:8      | Killed a centaur warrior
  6665 | D:8      | Reached skill level 4 in Maces & Flails
  6683 | D:8      | Killed a deep elf pyromancer
  6684 | D:8      | Reached skill level 5 in Maces & Flails
  6716 | D:8      | Gained mutation: Your casting is slightly disrupted. [Ru
                  | sacrifice]
  7223 | D:8      | Found Qir Gec's Weapon Shoppe.
  7223 | D:8      | Found a staircase to the Lair.
  7504 | D:9      | Reached skill level 6 in Maces & Flails
  8210 | D:10     | Entered Level 10 of the Dungeon
  8234 | D:10     | Noticed a two-headed ogre
  8240 | D:10     | Killed a two-headed ogre
  8241 | D:10     | Reached skill level 7 in Maces & Flails
  8241 | D:10     | Reached XP level 11. HP: 82/82 MP: 10/10
  8246 | D:10     | Noticed Nergalle
  8260 | D:10     | Killed Nergalle
  8299 | D:10     | Found a blossoming altar of Fedhas.
  8466 | D:10     | Reached skill level 8 in Maces & Flails
  8935 | D:10     | Found Gucufiaw's Magic Scroll Boutique.
  8942 | D:10     | Bought a scroll of fear for 44 gold pieces
  8942 | D:10     | Bought a scroll of identify for 22 gold pieces
  8942 | D:10     | Bought a scroll of identify for 22 gold pieces
  8942 | D:10     | Bought a scroll of identify for 22 gold pieces
  8942 | D:10     | Bought a scroll of identify for 22 gold pieces
  9072 | D:10     | Gained mutation: You are hated by all. [Ru sacrifice]
  9072 | D:10     | Reached * piety under Ru
  9072 | D:10     | Reached ** piety under Ru
  9220 | D:11     | Reached skill level 9 in Maces & Flails
  9220 | D:11     | Reached skill level 10 in Shields
  9235 | D:11     | Reached skill level 10 in Armour
  9410 | D:11     | Reached skill level 10 in Maces & Flails
  9429 | D:11     | Noticed a lindwurm
  9469 | D:11     | Killed a lindwurm
  9470 | D:11     | Reached skill level 5 in Fighting
  9481 | D:11     | Noticed a lindwurm
  9557 | D:11     | Killed a lindwurm
  9822 | D:11     | Reached XP level 12. HP: 94/94 MP: 11/11
  9914 | D:11     | Reached skill level 11 in Maces & Flails
 10002 | D:11     | Noticed Grum
 10020 | D:11     | Killed Grum
 10075 | D:11     | Identified the +3 war axe of Perfectionism {spect, rF+}
 10373 | D:12     | Reached skill level 5 in Evocations
 10657 | D:12     | Found a staircase to the Orcish Mines.
 10972 | D:13     | Noticed a centaur warrior
 11004 | D:13     | Noticed a centaur warrior
 11014 | D:14     | Killed a centaur warrior
 11153 | D:13     | Noticed a two-headed ogre
 11156 | D:13     | Noticed a two-headed ogre
 11159 | D:13     | Killed a two-headed ogre
 11162 | D:13     | Killed a two-headed ogre
 11167 | D:13     | Gained mutation: Your cowardice makes you less effective in
                  | combat with threatening foes. [Ru sacrifice]
 11167 | D:13     | Reached *** piety under Ru
 11170 | D:13     | Found a gate to the Vaults.
 11276 | D:13     | Killed a centaur warrior
 11277 | D:13     | Reached XP level 13. HP: 107/107 MP: 12/12
 11383 | D:13     | Got the Directory of Baneful Embers
 11838 | D:14     | Noticed Roxanne
 12493 | D:15     | Entered Level 15 of the Dungeon
 12641 | D:15     | Reached skill level 10 in Fighting
 12657 | D:15     | Reached skill level 12 in Maces & Flails
 12676 | D:15     | Noticed Jorgrun
 12699 | D:15     | Killed Jorgrun
 12830 | D:15     | Found Tejor's Assorted Antiques.
 12954 | D:15     | Found a staircase to the Depths.
 12954 | D:15     | Noticed a stone giant
 12983 | D:15     | Killed a stone giant
 13129 | D:15     | Reached XP level 14. HP: 95/121 MP: 13/13
 13319 | Lair:1   | Entered Level 1 of the Lair of Beasts
 13374 | Lair:1   | You fall into a shaft and drop 1 floor!
 13399 | Lair:2   | Gained mutation: You cannot be stealthy. [Ru sacrifice]
 13399 | Lair:2   | Reached **** piety under Ru
 13442 | Lair:2   | Noticed Urug
 13445 | Lair:2   | Reached skill level 13 in Maces & Flails
 13457 | Lair:2   | Killed Urug
 13482 | Lair:2   | Found a staircase to the Swamp.
 14540 | Lair:3   | Identified the ring "Qonoips" {*Slow MP+9 Dex+6 SInv}
 14569 | Lair:3   | Found a staircase to the Snake Pit.
 14695 | Lair:3   | Reached skill level 15 in Shields
 14832 | Lair:3   | Reached skill level 14 in Maces & Flails
 15131 | Lair:3   | Gained mutation: You frequently scream uncontrollably at
                  | your foes. [Ru sacrifice]
 15776 | Lair:4   | Reached skill level 1 in Dodging
 15790 | Lair:4   | Found a frozen archway.
 15817 | IceCv    | Entered an ice cave
 15845 | IceCv    | Found a transporter.
 15855 | IceCv    | Found a transporter.
 16202 | Lair:4   | Reached skill level 5 in Dodging
 16456 | Lair:4   | Identified the +7 plate armour of the Serpent {rElec rCorr}
 17062 | Lair:5   | Entered Level 5 of the Lair of Beasts
 17540 | Lair:1   | Reached skill level 10 in Dodging
 17660 | Lair:1   | Reached XP level 15. HP: 118/126 MP: 14/14
 17936 | Lair:1   | Gained mutation: You cannot study or cast Ice magic. [Ru
                  | sacrifice]
 17936 | Lair:1   | Gained mutation: You cannot study or cast Hexes magic. [Ru
                  | sacrifice]
 17936 | Lair:1   | Gained mutation: You cannot study or cast Conjurations
                  | magic. [Ru sacrifice]
 17936 | Lair:1   | Reached ***** piety under Ru
 18659 | D:10     | Bought a scroll of teleportation for 33 gold pieces
 18659 | D:10     | Bought a scroll of teleportation for 33 gold pieces
 19902 | Lair:5   | Reached skill level 15 in Maces & Flails
 20512 | Lair:5   | Found a staircase to the Slime Pits.
 20887 | Snake:1  | Entered Level 1 of the Snake Pit
 20976 | Snake:1  | Reached skill level 16 in Maces & Flails
 21255 | Snake:1  | Reached skill level 15 in Armour
 21774 | Snake:1  | Reached XP level 16. HP: 115/134 MP: 0/15
 22150 | Snake:2  | Reached skill level 17 in Maces & Flails
 22561 | Snake:2  | Found Wexkoxoo's Jewellery Shoppe.
 22743 | Snake:2  | Found a broken altar of Ashenzari.
 23484 | Snake:3  | Found Sulaj's General Store.
 23485 | Snake:3  | Found Kaxuan's Antique Weapon Shop.
 23485 | Snake:3  | Found Kanaas's Jewellery Boutique.
 23495 | Snake:3  | Found Qovolull's Distillery.
 23509 | Snake:3  | Bought a potion of heal wounds for 65 gold pieces
 23509 | Snake:3  | Bought a potion of might for 52 gold pieces
 23509 | Snake:3  | Bought a potion of berserk rage for 65 gold pieces
 23509 | Snake:3  | Bought a potion of curing for 39 gold pieces
 23509 | Snake:3  | Bought a potion of curing for 39 gold pieces
 23644 | Snake:3  | Reached skill level 18 in Maces & Flails
 23932 | Snake:4  | Entered Level 4 of the Snake Pit
 25166 | Snake:4  | Reached skill level 19 in Maces & Flails
 25863 | Snake:4  | Reached XP level 17. HP: 140/140 MP: 16/16
 26172 | Snake:4  | Got a serpentine rune of Zot
 26308 | Snake:3  | Bought a potion of curing for 63 gold pieces
 26308 | Snake:3  | Bought 2 potions of lignification for 126 gold pieces
 26314 | Snake:3  | Bought a ring of willpower for 300 gold pieces
 26554 | Orc:1    | Entered Level 1 of the Orcish Mines
 26713 | Orc:1    | Found a one-way gate to the infinite horrors of the Abyss.
 26713 | Orc:1    | Noticed Ribbiut's ghost (journeyman GrFi)
 26723 | Orc:1    | Found a transporter.
 26900 | Orc:1    | Found a transporter.
 27163 | Orc:2    | Entered Level 2 of the Orcish Mines
 27304 | Orc:2    | Reached skill level 20 in Maces & Flails
 27447 | Orc:2    | Found Ucinous's Weapon Shop.
 27645 | Orc:2    | Noticed Josephine
 27653 | Orc:2    | Killed Josephine
 27675 | Orc:2    | Found a staircase to the Elven Halls.
 27837 | Orc:2    | Found Plog's Antique Weapon Emporium.
 27917 | Orc:2    | Found an ancient bone altar of Kikubaaqudgha.
 27974 | Orc:2    | Noticed Erolcha
 27977 | Orc:2    | Found a radiant altar of Vehumet.
 27986 | Orc:2    | Killed Erolcha
 28020 | Orc:2    | Found Tuupp's Book Shoppe.
 28032 | Orc:2    | Found Qirivveg's Distillery.
 28037 | Orc:2    | Found Ycaelum's Distillery.
 28136 | Orc:2    | Bought a potion of heal wounds for 70 gold pieces
 28136 | Orc:2    | Bought a potion of haste for 140 gold pieces
 28136 | Orc:2    | Bought a potion of curing for 42 gold pieces
 28145 | Orc:2    | Bought a potion of resistance for 150 gold pieces
 28145 | Orc:2    | Bought a potion of berserk rage for 75 gold pieces
 28145 | Orc:2    | Bought a potion of invisibility for 120 gold pieces
 28145 | Orc:2    | Bought a potion of curing for 45 gold pieces
 28145 | Orc:2    | Bought a potion of flight for 45 gold pieces
 28145 | Orc:2    | Bought a potion of might for 60 gold pieces
 28154 | Orc:2    | Bought a potion of ambrosia for 112 gold pieces
 28468 | Swamp:1  | Entered Level 1 of the Swamp
 28761 | Swamp:1  | Identified the +0 cloak of the Miller {+Inv Int+6}
 28840 | Swamp:1  | Found the +3 crown of Dyrovepreva {rElec Int+2 SInv}
 29129 | Swamp:2  | Demolished by an alligator

Illustrated notes

Levels and vault maps discovered:
D:1:      moated_graveyard_arrival, layout_basic,
          shapermc_ecumenical_altar_starsandcircs
D:2:      minmay_chambers_of_ones, layout_basic, uniq_natasha, uniq_sigmund,
          uniq_robin
D:3:      layout_rooms, yredelemnul_altar_generic
D:4:      layout_basic
D:5:      layout_cave_pools, mainiacjoe_overflow_alcove_2,
          nicolae_elyvilon_temple_path, minmay_temple_entry_proselytizer
D:6:      layout_rooms, nicolae_vehumet_altar_sigil,
          mainiacjoe_overflow_concentric_impassable, serial_shops,
          nicolae_shop_window_shopping
D:7:      layout_layer_cave, chequers_temple_overflow_minitemple, serial_shops,
          nicolae_shop_trees, hangedman_decor_slide_cut,
          uniq_crazy_yiuf_cottage, uniq_pikel
D:8:      minmay_imperfect_grid, layout_basic,
          grunt_temple_overflow_gold_and_silver,
          riverfiend_overflow_shadow_ancestor, nicolae_qazlal_general_emergency,
          lair_entry_dummy, serial_shops, shop, serial_nicolae_subway,
          nicolae_sub_station_stone, nicolae_sub_station_crystal,
          nicolae_sub_station_metal, uniq_amaemon
D:9:      layout_basic
D:10:     layout_gridville, general_overflow_altar, serial_shops, shop,
          minmay_circle_x, uniq_nergalle
D:11:     layout_roguey, glass_columns_a, hangedman_parallel_progression,
          uniq_grum
D:12:     layout_roguey, minmay_orc_entry_guard_dogs
D:13:     layout_rooms, david_vaults_1
D:14:     layout_layer_cave, nicolae_hepliaklqana_hippocampus, uniq_roxanne
D:15:     grunt_enter_depths_snipers, layout_basic, serial_shops,
          nicolae_shop_hallway_stairs, uniq_jorgrun
Temple:   hellmonk_temple_beads
Lair:1:   layout_gridlike, cheibrodos_lair_reptile_den, lemuel_fruit_fields,
          grunt_megastairs_2, serial_bayou_shore_b
Lair:2:   layout_cave_pods, minmay_swamp_entry_reptiles, kennysheep_rathole,
          uniq_urug
Lair:3:   layout_chaotic_city, minmay_snake_entry_six_corridors, dpeg_oklob_1,
          lemuel_fruit_tree
Lair:4:   wad_woods_pond, layout_concentric_octagons,
          portal_ice_cave_entry_pillars_2
Lair:5:   grunt_lair_end_beastmaster, layout_loops_ring, slime_entry_1
Swamp:1:  layout_basic_swamp, evilmike_swamp_ruin_rubble_1, swamp_pool2
Swamp:2:  layout_falls_marsh, nicolae_swamp_round_clearing
Snake:1:  layout_onion, grunt_megastairs_3
Snake:2:  layout_cave_town, serial_shops, nicolae_shop_crystal, basic_altar
Snake:3:  layout_rooms, minmay_shoptagon
Snake:4:  snake_pit_salamanders_mu, layout_misc_corridors, drop_trap,
          st_stairs_10
Orc:1:    layout_caves, gammafunk_ghost_abyssal_escape
Orc:2:    kennysheep_orc_mage_school, layout_diamond_mine, serial_shops,
          nicolae_shop_statue_plus, uniq_josephine

Skill      XL: |  1  2  3  4  5  6  7  8  9 10 11 12 13 14 15 16 17 |
---------------+----------------------------------------------------+-----
Axes           | 3 5 7 9 10 11 12 | 12.8
Shields        | 5 6 7 9 10 12 14 15 16 17 18 | 18.3
Staves         | 4 6 |  6.6
Armour         | 5 7 9 10 11 13 15 16 17 | 17.3
Evocations     | 2 3 4 5 6 |  6.9
Maces & Flails | 7 10 11 12 14 16 19 20 | 20.8
Fighting       | 5 8 10 | 10.0
Dodging        | 10 | 10.0

Action                   |  1- 3 |  4- 6 |  7- 9 | 10-12 | 13-15 | 16-18 || total
-------------------------+-------+-------+-------+-------+-------+-------++-------
Melee: War axe           |    49 |    91 |   162 |    32 |       |    64 ||   398
       Headbutt          |     6 |     8 |    44 |   138 |   343 |   239 ||   778
       Quarterstaff      |       |       |    75 |       |       |       ||    75
       Demon whip        |       |       |       |   569 |  1299 |   894 ||  2762
       Trident           |       |       |       |    12 |       |       ||    12
Throw: Boomerang         |       |       |       |     1 |       |       ||     1
Invok: Sacrifice Purity  |       |       |     1 |       |     1 |       ||     2
       Sacrifice Essence |       |       |       |     1 |       |       ||     1
       Sacrifice Love    |       |       |       |     1 |       |       ||     1
       Sacrifice Courage |       |       |       |     1 |       |       ||     1
       Sacrifice Stealth |       |       |       |       |     1 |       ||     1
       Power Leap        |       |       |       |       |     1 |     5 ||     6
       Sacrifice Arcana  |       |       |       |       |     1 |       ||     1
       Apocalypse        |       |       |       |       |       |     1 ||     1
Evoke: Wand              |       |       |       |     8 |     6 |       ||    14
       Lightning rod     |       |       |       |     6 |     8 |    10 ||    24
       Condenser vane    |       |       |       |       |       |     2 ||     2
  Use: Potion            |       |     1 |     3 |     4 |     3 |     2 ||    13
       Scroll            |       |     6 |    15 |    15 |     6 |     5 ||    47
 Stab: Distracted        |       |       |       |     2 |     1 |     4 ||     7
       Invisible         |       |       |       |       |    11 |     8 ||    19
       Petrified         |       |       |       |       |     6 |       ||     6
       Petrifying        |       |       |       |       |     1 |       ||     1
       Confused          |       |       |       |       |       |     5 ||     5
       Paralysed         |       |       |       |       |       |     2 ||     2
Armor: Scale mail        |    23 |    13 |       |       |     2 |       ||    38
       Chain mail        |       |    38 |   143 |   246 |   227 |       ||   654
       Skin              |       |       |    38 |       |       |       ||    38
       Plate armour      |       |       |       |       |   140 |   244 ||   384
Dodge: Dodged            |    22 |    28 |    68 |   122 |   213 |   189 ||   642
Block: Buckler           |    11 |    10 |     1 |       |       |       ||    22
       Kite shield       |       |       |    49 |   239 |   674 |   674 ||  1636
       Reflection        |       |       |       |       |    16 |    68 ||    84

Table legend: (Time is in decaauts)
 A = Elapsed time spent in this place.
 B = Non-inter-level travel time spent in this place.
 C = Inter-level travel time spent in this place.
 D = Time resting spent in this place.
 E = Time spent auto-exploring this place.
 F = Levels seen in this place.
 G = Mean time per level.
                   A        B        C        D        E       F      G
               +--------+--------+--------+--------+--------+-----+--------+
         Total |  28048 |  26087 |   1961 |   4193 |  13277 |  30 |  934.9 |
       Dungeon |  14182 |  13104 |   1078 |   1295 |   7816 |  15 |  945.5 |
        Temple |    130 |    119 |     11 |      0 |    103 |   1 |  130.0 |
          Lair |   6158 |   5718 |    440 |    964 |   3316 |   5 | 1231.6 |
         Swamp |    635 |    619 |     16 |     26 |    212 |   2 |  317.5 |
     Snake Pit |   5175 |   4861 |    314 |   1806 |   1091 |   4 | 1293.8 |
  Orcish Mines |   1592 |   1491 |    101 |     18 |    739 |   2 |  796.0 |
      Ice Cave |    174 |    174 |      0 |     84 |      0 |   1 |  174.0 |
               +--------+--------+--------+--------+--------+-----+--------+

Top non-repeatable levels by time:
 Snake:4: 1987 daAuts
     D:7: 1455 daAuts
  Lair:3: 1430 daAuts
  Lair:1: 1398 daAuts
     D:8: 1320 daAuts
 Snake:2: 1250 daAuts
    D:15: 1199 daAuts
    D:11: 1188 daAuts
 Snake:1: 1176 daAuts
  Lair:4: 1120 daAuts
  Lair:5: 1115 daAuts
  Lair:2: 1093 daAuts
    D:14: 1063 daAuts
   Orc:2: 1058 daAuts
    D:10: 1016 daAuts
